 Dungeon Crawl Stone Soup version 0.28-a0-932-g843f935a50 (webtiles) character file.

Game seed: 7097353774535109002

560 bande the Covered (level 7, -3/44 HPs)
             Began as a Gargoyle Fighter on Nov 28, 2021.
             Slain by a two-headed ogre (18 damage)
             ... on level 5 of the Dungeon.
             The game lasted 00:06:38 (6033 turns).

bande the Covered (Gargoyle Fighter)                Turns: 6033, Time: 00:06:39

Health: -3/44      AC: 19    Str: 20    XL:     7   Next: 31%
Magic:  7/7        EV:  6    Int:  9    God:
Gold:   77         SH:  4    Dex: 10    Spells: 6/6 levels left

rFire   . . .      SeeInvis .   a - +0 war axe
rCold   . . .      Faith    .   c - +0 buckler
rNeg    + . .      Spirit   .   p - +0 plate armour
rPois   ∞          Reflect  .   (no helmet)
rElec   +          Harm     .   e - +0 cloak
rCorr   .          Rampage  .   q - +0 pair of gloves
Will    .....                   (no boots)
Stlth   ..........              (no amulet)
HPRegen 0.14/turn               (no ring)
MPRegen 0.10/turn               (no ring)

@: no status effects
A: sickness immunity, AC +4, negative energy resistance 1, electricity
resistance, torment resistance 1, petrification resistance
a: no special abilities


You were on level 5 of the Dungeon.
You visited 1 branch of the dungeon, and saw 5 of its levels.

You collected 77 gold pieces.

Inventory:

Hand Weapons
 a - a +0 war axe (weapon)
Armour
 c - a +0 buckler (worn)
 e - a +0 cloak (worn)
 p - a +0 plate armour (worn)
 q - a +0 pair of gloves (worn)
Jewellery
 n - a ring of magical power
Scrolls
 f - a scroll of magic mapping
 k - a scroll of amnesia
 l - a scroll of enchant weapon {unknown}
Potions
 b - a potion of haste {unknown}
 d - 2 potions of might
 g - 2 potions of degeneration
 h - a potion of magic
 i - a potion of ambrosia
 j - a potion of brilliance
 m - a potion of flight {unknown}
 o - a potion of berserk rage {unknown}


   Skills:
 + Level 4.8 Fighting
 + Level 5.0 Axes
 + Level 5.1 Armour
 - Level 0.1 Dodging
 + Level 4.1 Shields


You had 6 spell levels left.
You didn't know any spells.
Your spell library contained the following spells:

 Spells                   Type           Power      Damage    Failure   Level
 Wereblood                Tmut           0%         N/A       100%        2
 Animate Armour           Summ/Erth      0%         N/A       100%        4
 Blade Hands              Tmut           0%         N/A       100%        5
 Iron Shot                Conj/Erth      0%         9d1       100%        6
 Summon Hydra             Summ           0%         N/A       100%        7
 Sublimation of Blood     Necr           Unusable   N/A       N/A         2

Dungeon Overview and Level Annotations

Branches:
Dungeon (5/15)
 Temple: D:4-7

Altars:


Innate Abilities, Weirdness & Mutations

You are immune to sickness and miasma.
Your stone body is resilient. (AC +4)
You are immune to poison.
You resist negative energy. (rN+)
You are resistant to electric shocks. (rElec)
You are resistant to unholy torment.
You are immune to petrification.


Message History

The bullfrog skeleton is severely damaged.
The bullfrog skeleton barely misses you.
You hit the bullfrog skeleton.
The bullfrog skeleton is severely damaged.
The bullfrog skeleton completely misses you.
The bullfrog skeleton closely misses you.
You hit the bullfrog skeleton.
The bullfrog skeleton is severely damaged.
The bullfrog skeleton hits you.
The bullfrog skeleton hits you but does no damage.
You slash the bullfrog skeleton!
You destroy the bullfrog skeleton!
No target in view!
No target in view!
No target in view!
No target in view!
You see here an adder corpse.
Found a hand axe.
Found a piece from Xom's chessboard (15/15).
No target in view!
No target in view!
No target in view!
No target in view!
No target in view!
No target in view!
No target in view!
Found a stone staircase leading down.
A two-headed ogre comes into view.
It is wielding two +0 giant spiked clubs.
The two-headed ogre shouts in stereo!
You hit the two-headed ogre.
The two-headed ogre is lightly wounded.
The two-headed ogre barely misses you.
The two-headed ogre hits you with a +0 giant spiked club.
You hit the two-headed ogre.
The two-headed ogre is lightly wounded.
The two-headed ogre hits you with a +0 giant spiked club! x2
You barely miss the two-headed ogre.
The two-headed ogre is lightly wounded.
The two-headed ogre hits you with a +0 giant spiked club!!
You die...

###.########
#............#
#..#########.# #
.####..# #.# >#
.......# ###
#.##. #####.##
#.) .... #.# #.#
#.. #.# #.# #O#
#.#####.####@#
#...†........#
#######...######
#######..........
#.......88888888.
#.####..8888.888.
#...........
##.....8....
#.....8....


You could see a two-headed ogre.

Vanquished Creatures
  A black bear (D:5)
  An ogre (D:4)
  A water moccasin skeleton (D:4)
  A hound (D:5)
  Crazy Yiuf (D:2)
  A bullfrog skeleton (D:5)
  A scorpion zombie (D:5)
  Natasha (thrice) (D:2)
  An iguana (D:5)
  5 adders
  A worm (D:2)
  3 dart slugs
  2 orcs (D:3)
  10 ball pythons
  8 endoplasms
  2 giant cockroaches (D:2)
  5 goblins
  5 hobgoblins
  3 jackals (D:1)
  12 kobolds
  4 bats
  3 frilled lizards
  4 rats
78 creatures vanquished.

Notes
Turn   | Place    | Note
-------+----------+-------------------------------------------
     0 | D:1      | bande the Gargoyle Fighter began the quest for the Orb.
     0 | D:1      | Reached XP level 1. HP: 14/14 MP: 1/1
   130 | D:1      | Reached XP level 2. HP: 19/19 MP: 2/2
   832 | D:1      | Reached XP level 3. HP: 24/24 MP: 3/3
  1360 | D:2      | Found a faded altar of an unknown god.
  1428 | D:2      | Noticed Natasha
  1436 | D:2      | Killed Natasha
  1436 | D:2      | HP: 1/24 [kobold (2)]
  1437 | D:2      | Reached XP level 4. HP: 1/29 MP: 4/4
  2019 | D:2      | Found a runed translucent door.
  2020 | D:2      | Noticed Crazy Yiuf
  2255 | D:2      | Killed Crazy Yiuf
  2955 | D:2      | Noticed Natasha
  2973 | D:2      | Killed Natasha
  2974 | D:2      | Reached XP level 5. HP: 11/33 MP: 5/5
  3445 | D:2      | Noticed Natasha
  3463 | D:2      | Killed Natasha
  4278 | D:4      | Identified the +1 leather armour of Broken Taboos {Str+4}
  4394 | D:4      | Reached XP level 6. HP: 38/39 MP: 6/6
  5461 | D:5      | Entered Level 5 of the Dungeon
  5469 | D:5      | Noticed a black bear
  5478 | D:5      | Killed a black bear
  5479 | D:5      | Reached XP level 7. HP: 32/44 MP: 7/7
  5484 | D:5      | Reached skill level 5 in Armour
  5999 | D:5      | Reached skill level 5 in Axes
  6029 | D:5      | Noticed a two-headed ogre
  6033 | D:5      | Slain by a two-headed ogre

Illustrated notes

Levels and vault maps discovered:
D:1:      matt_arrival_grand_opening, layout_basic
D:2:      layout_loops_ring, chequers_ecumenical_altar_simple, uniq_natasha,
          uniq_crazy_yiuf_cottage
D:3:      layout_rooms
D:4:      layout_loops_ring
D:5:      layout_loops_ring, hellmonk_bongcloud_opening

Skill      XL: |  1  2  3  4  5  6  7 |
---------------+----------------------+-----
Axes           | 2 3 4 5 |  5.0
Fighting       | 4 |  4.8
Armour         | 4 5 |  5.1
Shields        | 4 |  4.1
Dodging        | |  0.1

Action                   |  1- 3 |  4- 6 |  7- 9 || total
-------------------------+-------+-------+-------++-------
Melee: War axe           |   126 |   128 |    42 ||   296
  Use: Scroll            |     3 |     5 |       ||     8
       Potion            |       |     2 |       ||     2
Armor: Scale mail        |    77 |    57 |       ||   134
       Plate armour      |       |    33 |    35 ||    68
Dodge: Dodged            |    48 |    67 |    14 ||   129
Block: Buckler           |    24 |    28 |    10 ||    62

Table legend: (Time is in decaauts)
 A = Elapsed time spent in this place.
 B = Non-inter-level travel time spent in this place.
 C = Inter-level travel time spent in this place.
 D = Time resting spent in this place.
 E = Time spent auto-exploring this place.
 F = Levels seen in this place.
 G = Mean time per level.
                   A        B        C        D        E       F      G
               +--------+--------+--------+--------+--------+-----+--------+
         Total |   6144 |   5991 |    153 |   2223 |   2496 |   5 | 1228.8 |
       Dungeon |   6144 |   5991 |    153 |   2223 |   2496 |   5 | 1228.8 |
               +--------+--------+--------+--------+--------+-----+--------+

Top non-repeatable levels by time:
     D:2: 2481 daAuts
     D:4: 1195 daAuts
     D:1: 1120 daAuts
     D:3: 763 daAuts
     D:5: 584 daAuts
